AoeStats
← _LV_猜单车Yo

Glade

510321497Analyzed
1v1 RM · 16h ago on Sep 30, 2026· 78m 28s· 2 players
Game mode
Random Map
Map size
Tiny (2 player)
Population
200
Speed
Normal
Resources
Standard
Victory
Conquest
Starting age
Dark Age
Ending age
Imperial Age
RankedLock teamsTeams togetherTeam positionsShared explorationLock speedFull tech treeHidden civsTurbo modeCheats
Victory
Defeat
🇨🇳 Franks · China
973
+14
🇷🇺 Armenians · Russia
939
-14
Vladimir
0:33 Loom
10:42 Feudal Age
12:19 Man-at-Arms
13:08 Arson
13:30 Long Swordsman
19:14 Pikeman
23:11 Castle Age
23:49 Gambesons
25:49 Double-Bit Axe
27:46 Bow Saw
28:45 Town Watch
28:52 Horse Collar
30:20 Scale Mail Armor
30:53 Squires
30:53 Fletching
31:19 Gold Mining
33:30 Gold Shaft Mining
35:43 Imperial Age
33:58 Bodkin Arrow
34:05 Elite Skirmisher
35:02 Stone Mining
34:50 Halberdier
35:59 Chain Mail Armor
39:43 Wheelbarrow
42:21 Plate Mail Armor
42:03 Forging
41:58 Padded Archer Armor
43:33 Heavy Plow
45:55 Two-Handed Swordsman
49:52 Capped Ram
54:30 Capped Ram
59:07 Conscription
58:53 Fereters
58:54 Champion
60:25 Iron Casting
65:16 Blast Furnace
66:29 Onager
70:45 Redemption
70:59 Block Printing
71:45 Bracer
72:31 Fervor
73:11 Illumination
75:16 Chemistry
74:39 Ballistics
_LV_猜单车Yo
10:10 Feudal Age
8:28 Loom
11:09 Double-Bit Axe
22:43 Castle Age
21:17 Scale Barding Armor
21:32 Gold Mining
22:30 Forging
22:47 Crossbowman
29:20 Wheelbarrow
32:16 Imperial Age
30:48 Iron Casting
30:45 Fletching
30:59 Treadmill Crane
31:45 Husbandry
32:57 Bow Saw
32:55 Cavalier
36:00 Hand Cart
36:58 Siege Engineers
40:04 Paladin
41:20 Heavy Scorpion
46:29 Chain Barding Armor
48:18 Chemistry
48:05 Plate Barding Armor
51:55 Ballistics
53:39 Conscription
53:31 Town Watch
55:01 Gold Shaft Mining
57:33 Masonry
57:09 Arrowslits
57:19 Murder Holes
58:29 Blast Furnace
57:24 Bodkin Arrow
57:32 Scale Mail Armor
57:32 Padded Archer Armor
66:46 Architecture
66:17 Guard Tower
71:35 Light Cavalry
76:05 Chain Mail Armor
76:05 Leather Archer Armor
Connection lost

Rejoining the realm…

Still unreachable

The connection could not be restored.

Session expired

The server has moved on; the page needs a fresh start.